 Dungeon Crawl Stone Soup version 0.24.0-13-gcf9b3192b9 (webtiles) character file.

Game seed: 7352797309438261560, levelgen mode: deterministic

465 Iamsoldier the Conjurer (level 6, -3/52 HPs)
             Began as a Deep Elf Conjurer on Nov 6, 2019.
             Slain by an orc warrior
             ... wielding a +0 flail
              (6 damage)
             ... on level 4 of the Dungeon.
             The game lasted 00:15:39 (5279 turns).

Iamsoldier the Conjurer (Deep Elf Conjurer)         Turns: 5279, Time: 00:15:40

Health: -3/52      AC: 23    Str:  7    XL:     6   Next: 80%
Magic:  1/14       EV:  2    Int: 20    God:
Gold:   231        SH:  0    Dex: 15    Spells: 8/13 levels left

rFire    . . .     SeeInvis .   (no weapon)
rCold    . . .     Gourm    .   (no shield)
rNeg     + + +     Faith    .   (armour currently unavailable)
rPois    +         Spirit   .   (helmet currently unavailable)
rElec    .         Reflect  .   (cloak currently unavailable)
rCorr    .         Harm     .   (gloves currently unavailable)
MR       .....     NoTele   +   (boots currently unavailable)
Stlth    ++........             (no amulet)
HPRegen  0.17/turn              (no ring)
MPRegen  0.14/turn              (no ring)

@: tree-form
A: no striking features
a: no special abilities


You were on level 4 of the Dungeon.
You were hungry.
You were a tree.
You visited 1 branch of the dungeon, and saw 5 of its levels.

You collected 231 gold pieces.

Inventory:

Armour
 a - a +0 robe
 b - a +0 pair of gloves (melded)
 f - a +0 pair of boots (melded)
 h - a +0 robe (melded)
 k - a +0 shield
 n - a +1 helmet (melded)
Scrolls
 d - a scroll of identify
 e - a scroll of amnesia
 j - a scroll of blinking
 l - a scroll of remove curse
 r - a scroll of teleportation
Potions
 m - a potion of lignification
Comestibles
 c - 6 rations


   Skills:
 + Level 1.7 Fighting
 + Level 3.8 Dodging
 - Level 2.4 Stealth
 + Level 4.4 Spellcasting
 * Level 7.6 Conjurations


You had 8 spell levels left.
You knew the following spells:

 Your Spells              Type           Power        Failure   Level  Hunger
a - Magic Dart            Conj           ####         1%          1    None
b - Iskenderun's Mystic   Conj           ####....     5%          4    ####...

Your spell library contained the following spells:

 Spells                   Type           Power        Failure   Level  Hunger
 Searing Ray              Conj           ####..       1%          2    #......
 Dazzling Spray           Conj/Hex       ###...       8%          3    ###....
 Force Lance              Conj/Tloc      ###.....     26%         4    ####...
 Fulminant Prism          Conj/Hex       ###.......   26%         4    ####...


Dungeon Overview and Level Annotations

Branches:
Dungeon (5/15)
 Temple: D:4-7

Altars:
Cheibriados
Elyvilon
Gozag
Zin

Annotations:
D:5 Dowan, Duvessa


Message History

Okay, then.
You cannot blink because you are held in place by your roots.
You cannot move.
As you read the scroll labeled ANEURCH ERER, it crumbles to dust.
You feel as if something is helping you.
It was a scroll of remove curse.
The orc warrior hits you but does no damage.
As you read the scroll labeled KICIAKHETIDD, it crumbles to dust.
You feel a strange sense of stasis.
It was a scroll of teleportation.
As you read the scroll labeled COHISEA YKKOE, it crumbles to dust.
You feel momentarily disoriented.
It was a scroll of magic mapping.
The orc warrior hits you but does no damage.
You hit the orc warrior but do no damage.
The orc warrior is severely wounded.
The orc warrior hits you with a +0 flail.
* * * LOW HITPOINT WARNING * * *
You smack the orc warrior!
The orc warrior is almost dead.
The orc warrior hits you with a +0 flail.
You die...

.#
#......#.##<<.#
.#
#...(..#.##.#.#
.#
#......#......#
.#
#####..####.###
## ####+####.#
#.......#.#
#.......#.#
#.......#.#
#####♣.##.#
##o##.#
######..#.#
#.........#
#.........#
#.........#
#######
#.........#
#.....#
#........>####
#.....#
#.........#..#
#.....#


You could see an orc warrior.

Vanquished Creatures
  A phantom (D:4)
  A bullfrog zombie (D:5)
  A hound (D:4)
  An orc priest (D:5)
  An orc wizard (D:3)
  2 iguanas
  A worker ant (D:4)
  4 gnolls (D:2)
  5 adders
  2 worms (D:4)
  5 dart slugs
  6 leopard geckos
  10 orcs
  5 giant cockroaches
  4 goblins
  A hobgoblin (D:1)
  3 jackals (D:4)
  A quokka (D:2)
  5 bats
  4 frilled lizards
  11 kobolds
  A leopard gecko skeleton (D:5)
  7 rats
82 creatures vanquished.

Vanquished Creatures (others)
  A plant (D:3)
1 creature vanquished.

Grand Total: 83 creatures vanquished

Notes
Turn   | Place    | Note
-------+----------+-------------------------------------------
     0 | D:1      | Iamsoldier the Deep Elf Conjurer began the quest for the
                  | Orb.
     0 | D:1      | Reached XP level 1. HP: 10/10 MP: 6/6
   491 | D:1      | Reached XP level 2. HP: 15/15 MP: 4/8
   601 | D:1      | Reached skill level 5 in Conjurations
  1368 | D:1      | You fall into a shaft and drop 1 floor!
  1405 | D:2      | Reached XP level 3. HP: 19/19 MP: 7/9
  1854 | D:2      | Reached skill level 6 in Conjurations
  1857 | D:2      | Reached XP level 4. HP: 24/24 MP: 0/10
  2219 | D:2      | Learned a level 4 spell: Iskenderun's Mystic Blast
  2659 | D:3      | Reached XP level 5. HP: 22/28 MP: 2/11
  3479 | D:3      | Found a snail-covered altar of Cheibriados.
  3727 | D:3      | Found a faded altar of an unknown god.
  3914 | D:4      | Reached skill level 1 in Fighting
  3914 | D:4      | Reached skill level 7 in Conjurations
  4244 | D:4      | Reached XP level 6. HP: 34/34 MP: 5/13
  4673 | D:4      | Found an opulent altar of Gozag.
  4753 | D:4      | Found a glowing silver altar of Zin.
  4785 | D:4      | Found a white marble altar of Elyvilon.
  5042 | D:5      | Entered Level 5 of the Dungeon
  5042 | D:5      | Noticed an orc warrior
  5177 | D:5      | Noticed Duvessa
  5177 | D:5      | Noticed Dowan
  5279 | D:4      | Slain by an orc warrior

Levels and vault maps discovered:
D:1:      dpeg_arrival_snail, layout_basic
D:2:      layout_basic, first_ration
D:3:      layout_basic, kennysheep_slug_shrine, chequers_ecumenical_altar_grove,
          lexackson_kobold_supper
D:4:      layout_basic, elyvilon_altar_5, kennysheep_mini,
          nicolae_gozag_seed_capital
D:5:      layout_cave_pools, gammafunk_temple_overflow_statue,
          minmay_temple_entry_tees, serial_shops, nicolae_shop_behind_doors,
          minmay_small_thing, uniq_duvessa

Skill      XL: |  1  2  3  4  5  6 |
---------------+-------------------+-----
Conjurations   | 5 6 7 |  7.6
Fighting       | 1 |  1.7
Dodging        | 3 |  3.8
Spellcasting   | 4 |  4.4
Stealth        | |  2.4

Action                   |  1- 3 |  4- 6 || total
-------------------------+-------+-------++-------
Melee: Unarmed           |     4 |     5 ||     9
 Cast: Magic Dart        |    69 |   140 ||   209
       Iskenderun's Myst |       |    14 ||    14
  Use: Scroll            |       |     7 ||     7
       Potion            |       |     4 ||     4
  Eat: Ration            |     1 |     1 ||     2
       Chunk             |       |     8 ||     8
Armor: Robe              |     6 |    16 ||    22
       Skin              |       |     2 ||     2
Dodge: Dodged            |     9 |    34 ||    43
